 Dungeon Crawl Stone Soup version 0.30.1-5-ged363bc7ee (webtiles) character file.

Game seed: 3931659941706835799

257 wingedge the Digger (level 5, -1/61 HPs)
             Began as a Demigod Earth Elementalist on Sept 19, 2023.
             Engulfed by a cloud of flame (4 damage)
             ... on level 4 of the Dungeon.
             The game lasted 00:08:47 (2307 turns).

wingedge the Digger (Demigod Earth Elementalist)    Turns: 2307, Time: 00:08:48

Health: -1/61      AC: 22    Str:  9    XL:     5   Next: 61%
Magic:  3/12       EV:  2    Int: 21    God:
Gold:   84         SH:  0    Dex: 14    Spells: 6/10 levels left

rFire   + . .        o - +0 rapier
rCold   + . .        (no shield)
rNeg    . . .        a - melded +0 robe
rPois   +            (helmet currently unavailable)
rElec   +            (cloak currently unavailable)
rCorr   +            (gloves currently unavailable)
SInv    .            (boots currently unavailable)
Will    .....        (no amulet)
Stlth   ++           f - ring of flight
HPRegen 0.30/turn    (no ring)
MPRegen 0.13/turn

%: no passive effects
@: tree-form, resistant
A: stationary, stasis, torment immunity, boosted hp, high MP 1, forlorn, divine
attributes
a: no special abilities


You were on level 4 of the Dungeon.
You were a tree.
You visited 1 branch of the dungeon, and saw 6 of its levels.

You collected 84 gold pieces.

Inventory:

Hand Weapons
 e - a +0 hand axe
 o - a +0 rapier (weapon)
Missiles
 l - 7 poisoned darts
Armour
 a - a +0 robe (melded)
Magical Staves
 d - a staff of death
 y - a staff of fire
Jewellery
 f - a ring of flight (left branch)
 j - a ring of protection from cold
 n - a ring of fire
Scrolls
 g - a scroll of fog
Potions
 b - a potion of magic


   Skills:
 - Level 2.0 Fighting
 - Level 2.0 Dodging
 - Level 2.0 Stealth
 - Level 3.0 Spellcasting
 + Level 2.5 Conjurations
 - Level 0.8 Transmutations
 + Level 3.9 Earth Magic


You had 6 spell levels left.
You knew the following spells:

 Your Spells              Type           Power      Damage    Failure   Level
a - Sandblast             Erth           38%        2d10      2%          1
b - Stone Arrow           Conj/Erth      32%        3d9       11%         3

Your spell library contained the following spells:

 Spells                   Type           Power      Damage    Failure   Level
 Passwall                 Tmut/Erth      10%        N/A       8%          2
 Freeze                   Ice            12%        1d3       13%         1
 Summon Small Mammal      Summ           12%        N/A       13%         1
 Cigotuvi's Dreadful Rot  Necr/Pois/Air  6%         N/A       21%         2
 Hailstorm                Conj/Ice       8%         3d4       24%         3
 Call Canine Familiar     Summ           3%         N/A       36%         3
 Frozen Ramparts          Ice            6%         1d1       36%         3
 Summon Guardian Golem    Hex/Summ       3%         N/A       36%         3
 Petrify                  Tmut/Erth      13%        N/A       45%         4
 Dispel Undead            Necr           3%         3d7       78%         4
 Death Channel            Necr           1%         N/A       100%        6


Dungeon Overview and Level Annotations

Branches:
Dungeon (6/15)             Temple (0/1) D:4

Shops:
D:5 *


Innate Abilities, Weirdness & Mutations

You are a tree.
Your roots penetrate the ground, keeping you stationary.
You cannot be teleported.
You are immune to unholy pain and torment.
Your maximum health is greatly increased.
Your equipment is partially melded.
You have an increased reservoir of magic. (+10% MP)
You shall have no god before yourself.
Your divine heritage dramatically boosts your attributes as you level up.


Message History

You feel aware of your surroundings.
You sensed 2 altars.
It was a scroll of magic mapping.
The phantom hits you but does no damage.
Okay, then.
It was a potion of resistance.
You feel protected. The phantom hits you.
It was a potion of lignification.
You turn into a tree.
Your +0 robe melds into your body.
Your roots penetrate the ground.
The phantom hits you but does no damage.
Casting: Stone Arrow (dangerous; 13% risk of failure)
Confirm with . or Enter, or press ? or * to list all spells.
Aiming: Stone Arrow (dangerous; 13% risk of failure)
Press: ? - help, Shift-Dir - straight line, f - phantom
Aim: a phantom (inner flame, 56% to hit)
The stone arrow hits the phantom!
Flame seeps out of the phantom.
The phantom is heavily damaged.
The phantom is engulfed in blazing flames.
Flame seeps out of the phantom.
The phantom hits you.
You feel better.
The phantom is engulfed in blazing flames.
The phantom explodes!
The fiery explosion engulfs you! You resist.
Training target 3.0 for Spellcasting reached!
Your Spellcasting skill increases to level 3!
You are engulfed in blazing flames.
You resist.
You are engulfed in blazing flames.
You resist.
You are engulfed in blazing flames.
You resist.
* * * LOW HITPOINT WARNING * * *
You are engulfed in blazing flames.
You resist.
* * * LOW HITPOINT WARNING * * *
You are engulfed in blazing flames.
You resist.
* * * LOW HITPOINT WARNING * * *
Okay, then.
You're wearing all the rings you can.
Remove which one? (? for menu, Esc to cancel) < or
f - a ring of flight; > or
j - a ring of protection from cold You remove your ring of protection from cold.
You are engulfed in blazing flames.
You resist.
You die...

******************
,,,,,<,,,,,,,..,,* ***********
*********#####.###****,,,,,,,,,*
,,,,,,,,,.........,,,,,,,,,,,,,*
**********#......#****,,,,,,,,,*
#......# *****,***** * #......#
*,,*
*********##....☼☼#*******,**
,,,,,,,,,.....☼.♣#,,,,,,,,,*
,,,,,****##...☼§§#,,,,,,,,,*
****,* #......#,****+**** ,,**,*
#......#,*~~~,~~~*
*,,*,*****########,*~~,,,~~*
**,*,,,,,,,,,,,,,,,*~,,*,,~*
*,**,***********,,*~,***,~*
*,,,,,* *,,,,*~,,*,,~* **,,,,,*
*,**,*~~,,,~~*


There were no monsters in sight!

Vanquished Creatures
  A phantom (D:4)
  An orc priest (D:3)
  2 iguanas (D:6)
  A gnoll (D:4)
  2 adders
  3 worms (D:2)
  A dart slug (D:2)
  3 orcs (D:3)
  2 endoplasms
  A giant cockroach (D:1)
  4 goblins
  6 hobgoblins
  5 jackals
  2 quokkas
  8 ball pythons
  9 bats
  4 frilled lizards
  7 kobolds
  4 rats (D:1)
66 creatures vanquished.

Notes
Turn   | Place    | Note
-------+----------+-------------------------------------------
     0 | D:1      | wingedge the Demigod Earth Elementalist began the quest for
                  | the Orb.
     0 | D:1      | Reached XP level 1. HP: 14/14 MP: 5/5
   338 | D:1      | Reached XP level 2. HP: 22/22 MP: 5/7
   950 | D:2      | Reached skill level 1 in Fighting
   950 | D:2      | Reached XP level 3. HP: 22/28 MP: 2/8
   951 | D:2      | Reached skill level 1 in Conjurations
  1012 | D:2      | Learned a level 3 spell: Stone Arrow
  1767 | D:3      | Reached XP level 4. HP: 34/35 MP: 4/10
  1895 | D:3      | You are sucked into a shaft and drop 3 floors!
  2012 | D:6      | Reached XP level 5. HP: 39/41 MP: 1/11
  2103 | D:5      | Entered Level 5 of the Dungeon
  2103 | D:5      | Noticed a water moccasin
  2225 | D:5      | Found Imoxacyd's General Store.
  2267 | D:5      | Noticed an ice beast
  2306 | D:4      | HP: 3/61 [cloud of flame (9)]
  2307 | D:4      | Engulfed by a cloud of flame

Illustrated notes

Levels and vault maps discovered:
D:1:      saegor_arrival_simple_e, layout_basic, minmay_ruptured
D:2:      cheibrodos_helix_gallery, layout_basic, serial_bayou_ford_a
D:3:      layout_loops_cross, lemuel_round_altar, serial_forest,
          infiniplex_forest_pool, infiniplex_forest_end_double,
          infiniplex_forest_lined_room_2, infiniplex_forest_clump_diagonal,
          infiniplex_forest_clump_double, minmay_misc_feat_diagonals
D:4:      layout_rooms, mainiacjoe_overflow_chevrons,
          nicolae_temple_entry_ecumenical, serial_park_tiny_1,
          kennysheep_generic_room_8, uniq_pikel, uniq_blork_the_orc, uniq_robin,
          uniq_edmund
D:5:      layout_loops_corners, serial_shops, shop, kennysheep_generic_room_15
D:6:      minmay_bubble_buster, layout_basic, minivault_5

Skill      XL: |  1  2  3  4  5 |
---------------+----------------+-----
Dodging        | 2 |  2.0
Stealth        | 2 |  2.0
Spellcasting   | 2 3 |  3.0
Earth Magic    | 3 |  3.9
Fighting       | 1 2 |  2.0
Conjurations   | 1 2 |  2.5
Transmutations | |  0.8

Action                     |  1- 3 |  4- 6 || total
---------------------------+-------+-------++-------
  Melee: Hand axe          |       |     2 ||     2
   Cast: Sandblast         |    77 |     7 ||    84
         Stone Arrow       |       |    10 ||    10
    Use: Scroll            |       |     4 ||     4
         Potion            |       |     4 ||     4
 Armour: Robe              |     4 |     3 ||     7
         Skin              |       |     2 ||     2
  Dodge: Dodged            |    11 |    14 ||    25
